 Dungeon Crawl Stone Soup version 0.25.0-37-gb73750e0fb (webtiles) character file.

Game seed: 8862965382880266891

158 Milting the Ducker (level 5, -1/23 HPs)
             Began as a Felid Transmuter on July 8, 2020.
             Was a Follower of Uskayaw.
             Slain by a hound (3 damage)
             ... on level 4 of the Dungeon on July 9, 2020.
             The game lasted 00:22:35 (5305 turns).

Milting the Ducker (Felid Transmuter)               Turns: 5305, Time: 00:22:35

Health: -1/23      AC:  1    Str:  6    XL:     5   Next: 16%
Magic:  10/10      EV: 19    Int: 15    God:    Uskayaw [*.....]
Gold:   192        SH:  0    Dex: 17    Spells: 9/10 levels left
                                        Lives:  0   Deaths: 1

rFire    . . .     SeeInvis +     - Unarmed
rCold    . . .     Gourm    .   (shield unavailable)
rNeg     . . .     Faith    .   (armour unavailable)
rPois    +         Spirit   .   (helmet unavailable)
rElec    .         Reflect  .   (cloak unavailable)
rCorr    .         Harm     .   (gloves unavailable)
MR       .....                  (boots unavailable)
Stlth    +++.......             (no amulet)
HPRegen  0.07/turn              d - ring of poison resistance
MPRegen  0.12/turn              (no ring)

@: quick
A: very small, no armour, no weapons or thrown items, stealth, claws 1, fangs 3,
see invisible, carnivore, speed 1, shaggy fur 1, slow metabolism 1, sharp paws
a: Stomp, Renounce Religion


You were on level 4 of the Dungeon.
You worshipped Uskayaw.
Uskayaw was noncommittal.
You were completely stuffed.

You visited 1 branch of the dungeon, and saw 5 of its levels.

You collected 192 gold pieces.

Inventory:

Missiles
 a - 38 arrows
Jewellery
 d - a ring of poison resistance (left paw)
 s - an uncursed amulet of faith {unknown}
Wands
 q - a wand of digging (7)
Scrolls
 e - 2 scrolls of remove curse {unknown}
 g - 4 scrolls of identify {unknown}
 k - 2 scrolls of blinking {unknown}
 l - 2 scrolls of teleportation {unknown}
 m - 2 scrolls of amnesia {unknown}
 r - a scroll of enchant armour {unknown}
Potions
 b - 3 potions of curing {unknown}
 f - a potion of mutation {unknown}
 h - 3 potions of heal wounds {unknown}
 i - a potion of lignification {unknown}
 j - a potion of haste {unknown}
 n - a potion of stabbing {unknown}
 o - a potion of might {unknown}
 p - a potion of flight {unknown}
Comestibles
 c - 8 rations


   Skills:
 * Level 2.7 Fighting
 + Level 4.0 Dodging
 + Level 2.3 Stealth
 * Level 3.9 Unarmed Combat
 * Level 3.0 Spellcasting
 * Level 3.7 Transmutations


You had 9 spell levels left.
You knew the following spells:

 Your Spells              Type           Power        Failure   Level  Hunger
a - Beastly Appendage     Tmut           ##....       4%          1    #......

Your spell library contained the following spells:

 Spells                   Type           Power        Failure   Level  Hunger
 Sticks to Snakes         Tmut           ##......     6%          2    ##.....
 Spider Form              Tmut/Pois      #.........   28%         3    ###....
 Ice Form                 Ice/Tmut       #.......     67%         4    #####..
 Blade Hands              Tmut           ##........   75%         5    ######.


Dungeon Overview and Level Annotations

Branches:
Dungeon (5/15)
 Temple: D:4-7

Altars:
Ashenzari
Fedhas
Hepliaklqana
Ru
Trog
Uskayaw
Xom
Yredelemnul


Innate Abilities, Weirdness & Mutations

You cannot wear armour.
You are incapable of wielding weapons or throwing items.
Your paws allow you to move quietly. (Stealth)
You have sharp claws.
You have razor-sharp teeth.
You have supernaturally acute eyesight. (SInv)
You are carnivorous and can eat meat at any time.
You cover ground quickly.
You are covered in fur. (AC +1)
You have a slow metabolism.
Your sharp claws are effective at attacking unaware monsters.


Message History

Things that are here:
a +0 robe; a +2 dagger of holy wrath All of the chunks of flesh in your inventory have rotted away.
Found a scroll labeled VITHOU OL DUENT.
A quokka and a hound come into view.
The hound moves out of view.
Found a green potion.
The hound barks!
The worker ant barely misses you. The hound misses you.
The hound barely misses you. The hound bites you.
* * * LOW HITPOINT WARNING * * *
The hound completely misses you.
You scratch the hound. You bite the hound.
The hound is lightly wounded.
The hound completely misses you.
You scratch the hound but do no damage.
The hound is lightly wounded.
The hound bites you.
You die...

##.#### ##..# #..#
#..## #.## #)[.#
##.#######...#
####a.##......###
##...W#.W.....##
#..r###........#
#.h.# #........###
#@.####.....)....#
#..# #............
#### #...........#
#...........#
#>.........##
#............
#####........
##......# #...####


You could see a phantom, a hound, a worker ant and a quokka.

Vanquished Creatures
  A crimson imp (D:4)
  Crazy Yiuf (D:2)
  A hound (D:4)
  2 orc wizards
  6 adders
  2 dart slugs
  A leopard gecko (D:3)
  11 orcs
  A ball python (D:1)
  9 bats
  7 giant cockroaches (D:3)
  8 goblins
  10 hobgoblins
  5 kobolds
  6 frilled lizards
  A leopard gecko skeleton (D:4)
  4 rats
76 creatures vanquished.

Notes
Turn   | Place    | Note
-------+----------+-------------------------------------------
     0 | D:1      | Milting the Felid Transmuter began the quest for the Orb.
     0 | D:1      | Reached XP level 1. HP: 9/9 MP: 4/4
   107 | D:1      | Reached skill level 3 in Dodging
   275 | D:1      | Reached XP level 2. HP: 12/12 MP: 6/6
  1107 | D:2      | Reached XP level 3. HP: 8/15 MP: 7/7
  1334 | D:2      | Found a runed translucent door.
  1335 | D:2      | Noticed Crazy Yiuf
  1355 | D:2      | Found a faded altar of an unknown god.
  1372 | D:2      | Became a worshipper of Uskayaw the Reveler
  1372 | D:2      | Reached * piety under Uskayaw
  1470 | D:2      | Reached ** piety under Uskayaw
  1474 | D:2      | Reached skill level 1 in Stealth
  1841 | D:2      | Found a bloodstained altar of Trog.
  1843 | D:2      | Found a shattered altar of Ashenzari.
  2347 | D:2      | Killed Crazy Yiuf
  2347 | D:2      | Reached XP level 4. HP: 4/19 MP: 8/8
  2790 | D:3      | Found a glowing drain.
  2855 | D:3      | Reached *** piety under Uskayaw
  2867 | D:3      | Reached **** piety under Uskayaw
  3207 | D:3      | Found a shimmering altar of Xom.
  3297 | D:3      | Found a basalt altar of Yredelemnul.
  3565 | D:3      | Reached XP level 5. HP: 21/22 MP: 9/9
  4188 | D:4      | Found a blossoming altar of Fedhas.
  4322 | D:4      | Noticed a phantom
  4945 | D:4      | Found a hazy altar of Hepliaklqana.
  4978 | D:5      | Entered Level 5 of the Dungeon
  4985 | D:4      | Slain by an orc
  4986 | D:4      | Reached XP level 4. HP: 0/20 MP: 9/9
  4990 | D:4      | Found a sacrificial altar of Ru.
  5026 | D:4      | Reached skill level 4 in Dodging
  5026 | D:4      | Reached XP level 5. HP: 9/23 MP: 10/10
  5255 | D:4      | HP: 1/23 [worker ant (2)]
  5295 | D:4      | HP: 1/23 [hound (2)]
  5305 | D:4      | Slain by a hound

Illustrated notes

Levels and vault maps discovered:
D:1:      giann_wishing_wells, layout_loops_cross, minmay_unequal
D:2:      layout_loops_ring, nicolae_overflow_hidden_temple,
          chequers_ecumenical_altar_simple, minmay_statues_item,
          uniq_crazy_yiuf_cottage
D:3:      layout_loops_ring, xom_teletrap_fun, gup_sewer_entry_glass,
          serial_park_tiny_2, yredelemnul_altar_generic
D:4:      layout_cave_pods, lemuel_round_altar, fedhas_altar_3, first_ration,
          hangedman_ru_absence
D:5:      layout_basic, tso_metal_star, elyvilon_altar_4,
          ebering_ghost_disaster_area

Skill      XL: |  1  2  3  4  5 |
---------------+----------------+-----
Dodging        | 3 4 |  4.0
Stealth        | 1 2 |  2.3
Transmutations | 3 |  3.7
Fighting       | 2 |  2.7
Spellcasting   | 3 |  3.0
Unarmed Combat | |  3.9

Action                   |  1- 3 |  4- 6 || total
-------------------------+-------+-------++-------
Melee: Unarmed           |   117 |   211 ||   328
       Bite              |     7 |    19 ||    26
       Punch             |     1 |     4 ||     5
 Stab: Sleeping          |     8 |     5 ||    13
       Paralysed         |       |     2 ||     2
       Distracted        |       |     1 ||     1
  Eat: Chunk             |    10 |    11 ||    21
Armor: Skin              |    10 |    11 ||    21
Dodge: Dodged            |    88 |   160 ||   248
